 Dungeon Crawl Stone Soup version 0.28.0 (webtiles) character file.

Game seed: 6140507834975226332

1133 trckry the Cudgeller (level 8, -1/67 HPs)
             Began as a Minotaur Gladiator on Feb 6, 2022.
             Was an Initiate of Yredelemnul.
             Slain by Grinder (3 damage)
             ... while paralysed by Grinder
             ... on level 5 of the Dungeon.
             The game lasted 00:15:40 (5410 turns).

trckry the Cudgeller (Minotaur Gladiator)           Turns: 5410, Time: 00:15:40

Health: -1/67      AC:  4    Str: 21    XL:     8   Next: 14%
Magic:  9/9        EV:  2    Int:  5    God:    Yredelemnul [......]
Gold:   191        SH:  0    Dex: 12    Spells: 7/7 levels left

rFire   . . .      SeeInvis .   a - +0 flail
rCold   . . .      Faith    .   e - +0 buckler
rNeg    . . .      Spirit   .   b - +0 leather armour
rPois   .          Reflect  .   c - +0 hat
rElec   .          Harm     .   q - +0 cloak
rCorr   .          Rampage  .   (no gloves)
Will    .....                   (no boots)
Stlth   +.........              (no amulet)
HPRegen 0.21/turn               (no ring)
MPRegen 0.11/turn               (no ring)

@: paralysed
A: horns 2, retaliatory headbutt
a: Renounce Religion, Recall Undead Harvest


You were on level 5 of the Dungeon.
You worshipped Yredelemnul.
Yredelemnul was noncommittal.
You visited 2 branches of the dungeon, and saw 6 of its levels.
You also visited: Ossuary.

You collected 191 gold pieces.

Inventory:

Hand Weapons
 a - a +0 flail (weapon)
Missiles
 d - 5 throwing nets (quivered)
 k - a boomerang
Armour
 b - a +0 leather armour (worn)
 c - a +0 hat (worn)
 e - a +0 buckler (worn)
 q - a +0 cloak (worn)
Scrolls
 f - a scroll of fear {unknown}
 g - 3 scrolls of blinking {unknown}
 i - 3 scrolls of identify {unknown}
 l - 2 scrolls of summoning {unknown}
 n - 4 scrolls of enchant armour {unknown}
 o - a scroll of noise {unknown}
 p - a scroll of teleportation {unknown}
 r - a scroll of vulnerability {unknown}
 u - a scroll of amnesia {unknown}
Potions
 h - a potion of heal wounds {unknown}
 j - a potion of degeneration {unknown}
 m - 2 potions of haste {unknown}
 s - a potion of cancellation {unknown}
 t - a potion of lignification {unknown}


   Skills:
 + Level 4.9 Fighting
 * Level 7.1 Maces & Flails
 + Level 4.0 Throwing
 + Level 4.0 Armour
 - Level 3.2 Dodging
 + Level 4.1 Shields
 * Level 3.3 Invocations


You had 7 spell levels left.
You didn't know any spells.
Your spell library contained the following spells:

 Spells                   Type           Power      Damage    Failure   Level
 Summon Small Mammal      Summ           0%         N/A       63%         1
 Call Canine Familiar     Summ           0%         N/A       94%         3
 Summon Guardian Golem    Hex/Summ       0%         N/A       94%         3


Dungeon Overview and Level Annotations

Branches:
Dungeon (5/15)             Temple (1/1) D:4         Ossuary (visited)

Altars:
Ashenzari
Cheibriados
Elyvilon
Fedhas
Gozag
Hepliaklqana
Kikubaaqudgha
Makhleb
Nemelex Xobeh
Okawaru
Ru
Sif Muna
Trog
Uskayaw
Vehumet
Wu Jian
Yredelemnul
The Shining One

Shops:
D:3 [

Annotations:
D:5 Grinder


Innate Abilities, Weirdness & Mutations

You have a pair of horns on your head.
You reflexively headbutt those who attack you in melee.


Message History

You hit Grinder.
Grinder is severely wounded.
Grinder hits you.
* * * LOW HITPOINT WARNING * * *
Your orc priest zombie closely misses Grinder.
You hit Grinder but do no damage. Your headbutt misses Grinder.
Grinder is severely wounded.
Grinder hits you.
* * * LOW HITPOINT WARNING * * *
You writhe in agony.
* * * LOW HITPOINT WARNING * * *
Your orc priest zombie barely misses Grinder.
You swap places.
Grinder barely misses your orc zombie.
Your orc zombie barely misses Grinder.
Grinder barely misses your orc zombie.
Your orc priest zombie hits Grinder but does no damage.
Your orc zombie closely misses Grinder.
Grinder hits your orc zombie!
Your orc priest zombie hits Grinder.
Grinder gestures at your orc priest zombie.
Your orc priest zombie suddenly stops moving!
Your orc zombie hits Grinder but does no damage.
Grinder hits your orc priest zombie.
Your orc zombie closely misses Grinder.
Grinder hits your orc priest zombie.
Your orc zombie hits Grinder.
Grinder hits your orc priest zombie!
Your orc zombie closely misses Grinder.
Grinder hits your orc priest zombie!
Your orc priest zombie is destroyed!
You swap places.
Grinder gestures at your orc zombie.
You suddenly lose the ability to move!
Grinder hits you.
* * * LOW HITPOINT WARNING * * *
You writhe in agony.
* * * LOW HITPOINT WARNING * * *
Grinder hits you but does no damage.
Grinder says, "Just stop there for a second..."
Grinder hits you.
* * * LOW HITPOINT WARNING * * *
You writhe in agony.
You die...
Your body rises from the dead as a mindless zombie.

###########
#....Z@5..#
.......#.#####.#
..####...# #.#
##### #Z# #.#
#Z# #.# ##.#####
###<.....#


You could see Grinder (ally target) and a friendly orc zombie.

Vanquished Creatures
  2 phantoms (D:5)
  A kobold brigand (D:4)
  2 elf zombies (Ossuary)
  A scorpion (D:4)
  A wyvern zombie (D:4)
  2 water moccasin skeletons
  2 centaur zombies (Ossuary)
  2 human zombies (Ossuary)
  A bullfrog skeleton (D:4)
  A jelly (D:3)
  An orc priest (D:5)
  3 orc wizards
  3 mummies
  6 gnolls
  7 adders
  An adder skeleton (D:4)
  2 worms
  3 dart slugs
  7 orcs
  4 ball pythons
  6 endoplasms
  6 giant cockroaches
  11 goblins
  4 hobgoblins
  6 kobolds
  2 bats
  4 frilled lizards
  2 goblin zombies (Ossuary)
  10 hobgoblin zombies
  2 jackal zombies (Ossuary)
  10 kobold zombies (Ossuary)
  9 orc zombies
  6 rats
130 creatures vanquished.

Vanquished Creatures (collateral kills)
  An adder (D:4)
  3 orcs
  A frilled lizard (D:2)
5 creatures vanquished.

Vanquished Creatures (others)
  3 orc zombies (D:5)
3 creatures vanquished.

Grand Total: 138 creatures vanquished

Notes
Turn   | Place    | Note
-------+----------+-------------------------------------------
     0 | D:1      | trckry the Minotaur Gladiator began the quest for the Orb.
     0 | D:1      | Reached XP level 1. HP: 18/18 MP: 0/0
   249 | D:1      | Reached XP level 2. HP: 25/25 MP: 1/1
   370 | D:1      | Reached skill level 4 in Maces & Flails
   553 | D:1      | Reached skill level 1 in Shields
   568 | D:1      | Reached skill level 1 in Armour
   654 | D:1      | Reached XP level 3. HP: 29/30 MP: 2/2
  1303 | D:2      | Found a snail-covered altar of Cheibriados.
  1418 | D:2      | Reached XP level 4. HP: 19/38 MP: 3/3
  1721 | D:2      | Noticed a great orb of eyes
  1728 | D:2      | Found a faded altar of an unknown god.
  1730 | D:2      | Noticed a great orb of eyes
  1730 | D:2      | Noticed a golden eye
  1730 | D:2      | Noticed a shining eye
  1766 | D:2      | Prayed at the altar of an unknown god.
  1766 | D:2      | Became a worshipper of Yredelemnul the Dark
  1766 | D:2      | Reached * piety under Yredelemnul
  2211 | D:3      | You fall into a shaft and drop 1 floor!
  2230 | D:4      | Reached skill level 5 in Maces & Flails
  2230 | D:4      | Reached XP level 5. HP: 37/45 MP: 4/4
  2252 | D:4      | Found a sand-covered staircase.
  2382 | Ossuary  | Entered an ossuary
  2580 | Ossuary  | Reached skill level 1 in Invocations
  2580 | Ossuary  | Reached XP level 6. HP: 36/52 MP: 5/5
  2979 | Ossuary  | Reached skill level 6 in Maces & Flails
  3168 | D:3      | Reached XP level 7. HP: 48/59 MP: 7/7
  3528 | D:3      | Found a blossoming altar of Fedhas.
  3602 | D:3      | Found Cuenalig's Antique Armour Emporium.
  4014 | D:4      | Found a staircase to the Ecumenical Temple.
  4026 | Temple   | Entered the Ecumenical Temple
  4708 | D:4      | Reached ** piety under Yredelemnul
  4927 | D:5      | Entered Level 5 of the Dungeon
  5074 | D:5      | Reached XP level 8. HP: 61/67 MP: 9/9
  5082 | D:5      | Reached skill level 7 in Maces & Flails
  5380 | D:5      | Noticed Grinder
  5407 | D:5      | Paralysed by Grinder for 7 turns
  5408 | D:5      | HP: 10/67 [Grinder (4)]
  5410 | D:5      | HP: 2/67 [Grinder (5)]
  5410 | D:5      | Slain by Grinder

Illustrated notes

Levels and vault maps discovered:
D:1:      amcnicky_arrival_flooded_fountain, layout_loops_cross,
          chequers_hall_statues_corner_a, minmay_worlds_worst_comb
D:2:      layout_loops_corners, basic_altar,
          hellmonk_ecumenical_altar_watching_god
D:3:      layout_basic, mainiacjoe_overflow_cross_hatched, serial_shops, shop,
          wander_ebering_terrifying_dragon_lair
D:4:      layout_basic, minmay_temple_entry_glassed_door,
          nicolae_ossuary_entry_giza, grunt_ministairs_2, minmay_ruptured
D:5:      layout_loops_cross, uniq_grinder, uniq_eustachio
Temple:   nicolae_temple_elliptical

Skill      XL: |  1  2  3  4  5  6  7  8 |
---------------+-------------------------+-----
Maces & Flails | 4 5 6 7 |  7.1
Shields        | 1 2 3 4 |  4.1
Armour         | 1 2 3 4 |  4.0
Fighting       | 3 4 |  4.9
Throwing       | 3 4 |  4.0
Invocations    | 1 3 |  3.3
Dodging        | |  3.2

Action                   |  1- 3 |  4- 6 |  7- 9 || total
-------------------------+-------+-------+-------++-------
Melee: Flail             |    77 |   158 |   117 ||   352
       Headbutt          |    10 |    37 |    27 ||    74
Throw: Boomerang         |       |    20 |       ||    20
Invok: Recall Undead Har |       |     1 |       ||     1
Armor: Leather armour    |     8 |    35 |    23 ||    66
Dodge: Dodged            |    34 |    75 |    59 ||   168
Block: Buckler           |    12 |    26 |    28 ||    66
